 Dungeon Crawl Stone Soup version 0.31-a0-200-gbc41564c69 (webtiles) character file.

Game seed: 15961308079175252239

9993 MacCMillion the Frost Mage (level 11, -5/83 HPs)
             Began as a Gnoll Ice Elementalist on June 26, 2023.
             Was a Priest of Cheibriados.
             Slain by a polar bear simulacrum (10 damage)
             ... in an ice cave.
             The game lasted 00:28:13 (14160 turns).

MacCMillion the Frost Mage (GnIE)                  Turns: 14160, Time: 00:28:14

Health: -5/83      AC: 18    Str: 16    XL:     11   Next: 55%
Magic:  18/23      EV: 20    Int: 26    God:    Cheibriados [***...]
Gold:   413        SH:  0    Dex: 27    Spells: 11/26 levels left

rFire   . . .        a - +5 long sword (freeze)
rCold   + . .        (no shield)
rNeg    . . .        T - +2 robe {rC+}
rPois   .            k - +0 hat
rElec   .            C - +0 cloak
rCorr   .            H - +1 pair of gloves
SInv    .            c - +0 pair of boots
Will    +....        (no amulet)
Stlth   ++++         L - +6 ring of dexterity
HPRegen 0.33/turn    n - ring of willpower
MPRegen 0.18/turn

%: no passive effects
@: ice-armoured, very slow
A: fangs 1, strong nose, distributed training
a: Renounce Religion, Bend Time, Temporal Distortion


You were in an ice cave.
You worshipped Cheibriados.
Cheibriados was most pleased with you.
You visited 2 branches of the dungeon, and saw 12 of its levels.
You also visited: Ice Cave.

You collected 469 gold pieces.
You spent 56 gold pieces at shops.

Inventory:

Hand Weapons
 a - a +5 long sword of freezing (weapon)
 g - a +0 dagger
 t - the +6 Majin-Bo {spellvamp, MP+6 Int+6}
   (You acquired it on level 5 of the Dungeon)

   Int:       It affects your intelligence (+6).
   MP:        It affects your magic capacity (+6).
Missiles
 v - 2 throwing nets
 x - 8 poisoned darts
 y - 2 boomerangs of dispersal
 A - 5 curare-tipped darts
 J - 2 boomerangs
Armour
 c - a +0 pair of boots (worn)
 k - a +0 hat (worn)
 C - a +0 cloak (worn)
 H - a +1 pair of gloves (worn)
 N - the +3 leather armour "Esaigaeb" {rCorr Str+4 Slay+2}
   (You found it on level 8 of the Dungeon)

   Str:       It affects your strength (+4).
   Slay:      It affects your accuracy & damage with ranged weapons and melee
   (+2).
   rCorr:     It protects you from acid and corrosion.
 T - a +2 robe of cold resistance (worn)
Jewellery
 l - a ring of fire
 m - a ring of positive energy
 n - a ring of willpower (right hand)
 L - a +6 ring of dexterity (left hand)
 P - an amulet of faith
 S - a ring of ice
Wands
 D - a wand of charming (8)
Scrolls
 e - 3 scrolls of amnesia
 f - a scroll of enchant armour
 o - 2 scrolls of enchant weapon
 q - 2 scrolls of fear
 u - 7 scrolls of teleportation
 w - 2 scrolls of noise
 F - a scroll of immolation
 G - a scroll of vulnerability {unknown}
 I - a scroll of revelation {unknown}
 M - a scroll of summoning {unknown}
 Q - a scroll of blinking {unknown}
Potions
 b - a potion of magic
 d - 2 potions of mutation
 h - a potion of attraction {unknown}
 i - a potion of haste {unknown}
 j - a potion of resistance {unknown}
 p - 2 potions of heal wounds
 r - 6 potions of curing
 s - 3 potions of degeneration
 z - a potion of ambrosia {unknown}
 B - 3 potions of brilliance {unknown}
 E - 3 potions of might {unknown}
 K - 3 potions of cancellation {unknown}
 R - 2 potions of enlightenment {unknown}


   Skills:
 + Level 6.6 Fighting
 + Level 6.6 Short Blades
 + Level 6.6 Long Blades
 + Level 6.6 Axes
 + Level 6.6 Maces & Flails
 + Level 6.6 Polearms
 + Level 6.6 Staves
 + Level 6.6 Ranged Weapons
 + Level 6.6 Throwing
 + Level 6.6 Armour
 + Level 8.1 Dodging
 + Level 7.9 Stealth
 + Level 6.6 Shields
 + Level 6.6 Unarmed Combat
 + Level 8.4 Spellcasting
 + Level 5.5 Conjurations
 + Level 5.5 Hexes
 + Level 5.5 Summonings
 + Level 5.5 Necromancy
 + Level 5.5 Translocations
 + Level 5.5 Transmutations
 + Level 5.5 Fire Magic
 + Level 9.1 Ice Magic
 + Level 5.5 Air Magic
 + Level 5.5 Earth Magic
 + Level 5.5 Poison Magic
 + Level 7.3 Invocations
 + Level 6.6 Evocations


You had 11 spell levels left.
You knew the following spells:

 Your Spells              Type           Power      Damage    Failure   Level
a - Freezing Cloud        Conj/Ice/Air   22%        6-21      10%         5
b - Frozen Ramparts       Ice            100%       1d16      1%          3
c - Ozocubu's Armour      Ice            55%        N/A       1%          3
d - Summon Ice Beast      Ice/Summ       49%        N/A       2%          4

Your spell library contained the following spells:

 Spells                   Type           Power      Damage    Failure   Level
 Freeze                   Ice            100%       1d10      1%          1
 Magic Dart               Conj           100%       1d8       1%          1
 Ensorcelled Hibernation  Hex/Ice        98%        N/A       1%          2
 Passwall                 Tmut/Erth      32%        N/A       1%          2
 Poisonous Vapours        Pois/Air       78%        N/A       1%          2
 Searing Ray              Conj           78%        2d7       1%          2
 Mephitic Cloud           Conj/Pois/Air  39%        N/A       1%          3
 Swiftness                Air            39%        N/A       1%          3
 Animate Dead             Necr           39%        N/A       5%          4
 Fulminant Prism          Conj/Hex       19%        3d10      5%          4
 Borgnjor's Vile Clutch   Necr/Erth      19%        N/A       16%         5
 Death Channel            Necr           19%        N/A       65%         6


Dungeon Overview and Level Annotations

Branches:
Dungeon (11/15)            Temple (1/1) D:6           IceCv (1/1)
   Lair: D:8-11         Orc: D:9-12

Altars:
Ashenzari
Cheibriados
Dithmenos
Fedhas
Gozag
Hepliaklqana
Kikubaaqudgha
Makhleb
Nemelex Xobeh
Okawaru
Qazlal
Ru
Sif Muna
Trog
Uskayaw
Vehumet
Wu Jian
Yredelemnul
Zin

Shops:
D:4 (   D:5 ?   D:6 *

Annotations:
D:8 exclusion: orange crystal statue
D:9 2 transporters, Erolcha; flinch's ghost, novice OpVM
Temple 2 transporters


Innate Abilities, Weirdness & Mutations

You have very sharp teeth.
Your uncanny sense of smell can sniff out nearby items.
Your experience applies equally to all skills.


Message History

Your ice beast hits the troll simulacrum.
Your ice beast freezes the troll simulacrum.
The troll simulacrum completely resists.
The troll simulacrum closely misses you. x2
The troll simulacrum barely misses you.
You slash the troll simulacrum!
The troll simulacrum is heavily damaged.
Your ice beast hits the troll simulacrum.
Your ice beast freezes the troll simulacrum.
The troll simulacrum completely resists.
You barely miss the troll simulacrum.
You bite the troll simulacrum, but do no damage.
The troll simulacrum is heavily damaged.
The polar bear simulacrum misses you.
The polar bear simulacrum claws you but does no damage.
The polar bear simulacrum completely misses you.
Your ice beast hits the troll simulacrum.
Your ice beast freezes the troll simulacrum.
The troll simulacrum completely resists.
The troll simulacrum bites your ice beast!
The troll simulacrum freezes your ice beast.
Your ice beast completely resists.
The troll simulacrum closely misses your ice beast.
The troll simulacrum claws your ice beast!
The troll simulacrum freezes your ice beast.
Your ice beast completely resists.
You catch the helpless troll simulacrum completely off-guard!
You slash the troll simulacrum!
The troll simulacrum vaporises!
Cheibriados appreciates the change of pace.
Cheibriados raises the support of your attributes as your movement slows.
Your ice beast hits the polar bear simulacrum but does no damage.
The polar bear simulacrum bites you.
* * * LOW HITPOINT WARNING * * *
The polar bear simulacrum freezes you! You resist.
* * * LOW HITPOINT WARNING * * *
The polar bear simulacrum misses you. The polar bear simulacrum claws you.
* * * LOW HITPOINT WARNING * * *
The polar bear simulacrum freezes you! You resist.
You die...

#####
##..∩#
#[..##
#....# .
#...## ..
##..##
#...
#...#
...#
#..##...#
#..@Z..#
##.Y☼###
#####


You could see a polar bear simulacrum (ally target) and a friendly ice beast
(summoned).

Vanquished Creatures
  Harold (D:9)
  Fannar (D:11)
  2 two-headed ogres
  Pikel (D:4)
  Joseph (D:7)
  An unseen horror (D:11)
  2 hornets
  2 hogs (D:8)
  A vampire (D:10)
  6 yaks
  A human (D:8)
  A steam dragon (D:9)
  A death yak simulacrum (IceCv)
  An acid dragon (D:10)
  3 water moccasins
  6 orc warriors
  A sky beast (D:6)
  A black bear (D:7)
  An ice beast (D:7)
  An ogre (D:5)
  4 lemures (D:3)
  2 centaurs (D:10)
  A phantom (D:5)
  A kobold brigand (D:10)
  6 bullfrogs
  A gnoll sergeant (D:10)
  A scorpion (D:6)
  17 wights
  8 killer bees
  3 howler monkeys
  A gnoll bouda (D:5)
  2 jellies
  4 hounds
  4 orc priests
  2 iguanas
  5 orc wizards
  A spriggan simulacrum (IceCv)
  A troll simulacrum (IceCv)
  17 gnolls
  9 adders
  3 shadow imps
  13 white imps
  An ufetubus (D:6)
  A worm (D:4)
  44 orcs
  6 ball pythons
  5 endoplasms
  3 giant cockroaches
  7 goblins
  8 hobgoblins
  4 jackals (D:1)
  15 kobolds
  7 quokkas
  5 bats
  A frilled lizard (D:3)
  7 rats
255 creatures vanquished.

Vanquished Creatures (others)
  A quokka (D:9)
1 creature vanquished.

Grand Total: 256 creatures vanquished

Notes
Turn   | Place    | Note
-------+----------+-------------------------------------------
     0 | D:1      | MacCMillion the Gnoll Ice Elementalist began the quest for
                  | the Orb.
     0 | D:1      | Reached XP level 1. HP: 13/13 MP: 6/6
   189 | D:1      | Reached XP level 2. HP: 18/19 MP: 4/7
   307 | D:1      | Found a faded altar of an unknown god.
   569 | D:1      | Reached skill level 5 in Spellcasting
   569 | D:1      | Reached XP level 3. HP: 25/25 MP: 7/9
  1130 | D:1      | Learned a level 3 spell: Frozen Ramparts
  1134 | D:1      | Learned a level 3 spell: Ozocubu's Armour
  1252 | D:2      | Reached skill level 1 in Invocations
  1271 | D:2      | Reached skill level 1 in Fighting
  1271 | D:2      | Reached skill level 1 in Short Blades
  1271 | D:2      | Reached skill level 1 in Long Blades
  1271 | D:2      | Reached skill level 1 in Axes
  1271 | D:2      | Reached skill level 1 in Maces & Flails
  1271 | D:2      | Reached skill level 1 in Polearms
  1271 | D:2      | Reached skill level 1 in Staves
  1271 | D:2      | Reached skill level 1 in Ranged Weapons
  1271 | D:2      | Reached skill level 1 in Throwing
  1271 | D:2      | Reached skill level 1 in Armour
  1271 | D:2      | Reached skill level 1 in Shields
  1271 | D:2      | Reached skill level 1 in Unarmed Combat
  1271 | D:2      | Reached skill level 1 in Evocations
  1353 | D:2      | Reached XP level 4. HP: 27/32 MP: 4/11
  1742 | D:2      | Reached skill level 1 in Conjurations
  1742 | D:2      | Reached skill level 1 in Hexes
  1742 | D:2      | Reached skill level 1 in Summonings
  1742 | D:2      | Reached skill level 1 in Necromancy
  1742 | D:2      | Reached skill level 1 in Translocations
  1742 | D:2      | Reached skill level 1 in Transmutations
  1742 | D:2      | Reached skill level 1 in Fire Magic
  1742 | D:2      | Reached skill level 1 in Air Magic
  1742 | D:2      | Reached skill level 1 in Earth Magic
  1742 | D:2      | Reached skill level 1 in Poison Magic
  2266 | D:3      | You fall into a shaft and drop 3 floors!
  2313 | D:6      | Noticed a sky beast
  2325 | D:6      | Reached XP level 5. HP: 37/37 MP: 5/12
  2383 | D:6      | Killed a sky beast
  2384 | D:6      | Reached XP level 6. HP: 30/44 MP: 8/14
  2477 | D:6      | Noticed an orc warrior
  2563 | D:5      | Entered Level 5 of the Dungeon
  2570 | D:5      | Reached skill level 5 in Dodging
  3849 | D:3      | Reached XP level 7. HP: 50/50 MP: 8/15
  3999 | D:4      | Noticed Pikel
  4364 | D:4      | Found Kadug's Weapon Shop.
  4616 | D:4      | Killed Pikel
  4617 | D:4      | Reached skill level 5 in Stealth
  4617 | D:4      | Reached XP level 8. HP: 28/58 MP: 8/16
  5802 | D:5      | Found Iray's Magic Scroll Boutique.
  5807 | D:5      | Bought a scroll of identify for 28 gold pieces
  5810 | D:5      | Identified a scroll of acquirement
  5811 | D:5      | Acquired the +6 Majin-Bo {spellvamp, MP+6 Int+6}
  5811 | D:5      | Found the +6 Majin-Bo {spellvamp, MP+6 Int+6}
  5956 | D:5      | Found a burning altar of Makhleb.
  5956 | D:5      | Found an iron altar of Okawaru.
  5956 | D:5      | Found a hazy altar of Hepliaklqana.
  6745 | D:5      | Reached XP level 9. HP: 60/65 MP: 17/18
  7073 | D:6      | Reached skill level 8 in Ice Magic
  7238 | D:6      | Found Yguri's Assorted Antiques.
  7248 | D:6      | Bought a scroll labelled ROAMOU MYLUHUO for 28 gold pieces
  8195 | D:6      | Found a staircase to the Ecumenical Temple.
  8736 | Temple   | Entered the Ecumenical Temple
  8736 | Temple   | Found a transporter.
  8736 | Temple   | Found a transporter.
  8738 | Temple   | Found a transporter.
  8738 | Temple   | Found a transporter.
  8754 | Temple   | Became a worshipper of Cheibriados the Contemplative
  8791 | D:7      | Reached skill level 5 in Invocations
  8981 | D:7      | Found a blossoming altar of Fedhas.
  9139 | D:7      | Noticed Joseph
  9156 | D:7      | Killed Joseph
  9466 | D:7      | Reached skill level 5 in Fighting
  9466 | D:7      | Reached skill level 5 in Short Blades
  9466 | D:7      | Reached skill level 5 in Long Blades
  9466 | D:7      | Reached skill level 5 in Axes
  9466 | D:7      | Reached skill level 5 in Maces & Flails
  9466 | D:7      | Reached skill level 5 in Polearms
  9466 | D:7      | Reached skill level 5 in Staves
  9466 | D:7      | Reached skill level 5 in Ranged Weapons
  9466 | D:7      | Reached skill level 5 in Throwing
  9466 | D:7      | Reached skill level 5 in Armour
  9466 | D:7      | Reached skill level 5 in Shields
  9466 | D:7      | Reached skill level 5 in Unarmed Combat
  9466 | D:7      | Reached skill level 5 in Evocations
  9466 | D:7      | Reached XP level 10. HP: 74/74 MP: 17/20
  9887 | D:8      | Reached * piety under Cheibriados
 10370 | D:8      | Identified the +3 leather armour "Esaigaeb" {rCorr Str+4
                  | Slay+2}
 10405 | D:8      | Found a shadowy altar of Dithmenos.
 10720 | D:8      | Noticed an orange crystal statue
 10728 | D:8      | Learned a level 5 spell: Freezing Cloud
 10821 | D:8      | Found an ancient bone altar of Kikubaaqudgha.
 11129 | D:9      | Reached ** piety under Cheibriados
 11483 | D:9      | Found a transporter.
 11488 | D:9      | Noticed a moth of wrath
 11539 | D:9      | Found a transporter.
 11544 | D:9      | Noticed flinch's ghost (novice OpVM)
 11656 | D:9      | Noticed Harold
 11668 | D:9      | Killed Harold
 11669 | D:9      | Reached skill level 5 in Conjurations
 11669 | D:9      | Reached skill level 5 in Hexes
 11669 | D:9      | Reached skill level 5 in Summonings
 11669 | D:9      | Reached skill level 5 in Necromancy
 11669 | D:9      | Reached skill level 5 in Translocations
 11669 | D:9      | Reached skill level 5 in Transmutations
 11669 | D:9      | Reached skill level 5 in Fire Magic
 11669 | D:9      | Reached skill level 5 in Air Magic
 11669 | D:9      | Reached skill level 5 in Earth Magic
 11669 | D:9      | Reached skill level 5 in Poison Magic
 11669 | D:9      | Reached XP level 11. HP: 81/81 MP: 16/23
 11730 | D:9      | Learned a level 4 spell: Summon Ice Beast
 11730 | D:9      | Noticed Erolcha
 11788 | D:9      | Noticed a death yak
 11906 | D:9      | Noticed a death yak
 12026 | D:9      | Noticed a skeletal warrior
 12166 | D:9      | Noticed a two-headed ogre
 12176 | D:9      | Killed a two-headed ogre
 12233 | D:9      | Noticed a skeletal warrior
 12252 | D:9      | Noticed a skeletal warrior
 12253 | D:10     | Entered Level 10 of the Dungeon
 12430 | D:10     | Noticed a two-headed ogre
 12437 | D:10     | Killed a two-headed ogre
 12438 | D:10     | Reached skill level 9 in Ice Magic
 13540 | D:10     | Reached *** piety under Cheibriados
 13872 | D:11     | Found a frozen archway.
 13909 | D:11     | Noticed Fannar
 14075 | D:11     | Killed Fannar
 14089 | IceCv    | Entered an ice cave
 14160 | IceCv    | Slain by a polar bear simulacrum

Illustrated notes

Levels and vault maps discovered:
D:1:      evilmike_arrival_rings, layout_basic, chequers_ecumenical_altar_simple
D:2:      layout_basic, minmay_small_reverse_x
D:3:      layout_loops_ring
D:4:      layout_loops_ring, serial_shops, nicolae_shop_gibbet_a_chance,
          feat_on_display, uniq_pikel
D:5:      layout_gridville, chequers_temple_overflow_statue_of_worship,
          serial_shops, shop, chequers_serial_rivers_micro_c
D:6:      layout_rooms, minmay_temple_entry_butterflies, serial_shops, shop,
          corexii_shack, grunt_decor_fettered
D:7:      layout_basic, fedhas_altar_4, eino_small_chamber_without_monster,
          uniq_joseph
D:8:      minmay_statue_hallways, layout_basic, nicolae_dithmenos_the_darkroom,
          kiku_gazebo_garden_becter, grunt_livestock
D:9:      layout_roguey, elyvilon_altar_4, dpeg_lair_monsters,
          gammafunk_ghost_berserking_beasts, kennysheep_generic_room_16,
          uniq_erolcha, uniq_harold
D:10:     layout_loops_ring, serial_bayou_pond_d
D:11:     layout_long_grid, david_orc_4, portal_ice_cave_entry_imps,
          tso_metal_star, uniq_maurice, uniq_fannar
Temple:   hellmonk_temple_divided_pantheon
IceCv:    ice_cave_caverns_03

Skill      XL: |  1  2  3  4  5  6  7  8  9 10 11 |
---------------+----------------------------------+-----
Spellcasting   | 5 6 7 8 |  8.4
Invocations    | 1 2 3 4 5 6 7 |  7.3
Fighting       | 1 2 3 5 6 |  6.6
Short Blades   | 1 2 3 5 6 |  6.6
Long Blades    | 1 2 3 5 6 |  6.6
Axes           | 1 2 3 5 6 |  6.6
Maces & Flails | 1 2 3 5 6 |  6.6
Polearms       | 1 2 3 5 6 |  6.6
Staves         | 1 2 3 5 6 |  6.6
Ranged Weapons | 1 2 3 5 6 |  6.6
Throwing       | 1 2 3 5 6 |  6.6
Armour         | 1 2 3 5 6 |  6.6
Shields        | 1 2 3 5 6 |  6.6
Unarmed Combat | 1 2 3 5 6 |  6.6
Evocations     | 1 2 3 5 6 |  6.6
Conjurations   | 1 2 3 4 5 |  5.5
Hexes          | 1 2 3 4 5 |  5.5
Summonings     | 1 2 3 4 5 |  5.5
Necromancy     | 1 2 3 4 5 |  5.5
Translocations | 1 2 3 4 5 |  5.5
Transmutations | 1 2 3 4 5 |  5.5
Fire Magic     | 1 2 3 4 5 |  5.5
Air Magic      | 1 2 3 4 5 |  5.5
Earth Magic    | 1 2 3 4 5 |  5.5
Poison Magic   | 1 2 3 4 5 |  5.5
Dodging        | 5 6 7 8 |  8.1
Stealth        | 5 6 7 |  7.9
Ice Magic      | 8 9 |  9.1

Action                     |  1- 3 |  4- 6 |  7- 9 | 10-12 || total
---------------------------+-------+-------+-------+-------++-------
  Melee: Trident           |    19 |       |       |       ||    19
         Dagger            |    17 |    66 |       |       ||    83
         Bite              |     2 |     6 |    21 |    20 ||    49
         Falchion          |       |    34 |    47 |       ||    81
         Bo                |       |       |    83 |    49 ||   132
         Long sword        |       |       |    51 |   140 ||   191
         Punch             |       |       |     3 |     6 ||     9
  Throw: Dart              |       |       |     4 |    12 ||    16
   Cast: Freeze            |    31 |    20 |     4 |       ||    55
         Frozen Ramparts   |     3 |    15 |    35 |    22 ||    75
         Ozocubu's Armour  |       |     3 |    23 |    24 ||    50
         Freezing Cloud    |       |       |       |     3 ||     3
         Summon Ice Beast  |       |       |       |     3 ||     3
    Use: Scroll            |       |       |    10 |     3 ||    13
   Stab: Sleeping          |     7 |     7 |     5 |     5 ||    24
         Distracted        |       |       |     1 |     2 ||     3
 Armour: Robe              |     8 |    25 |    37 |    14 ||    84
         Leather armour    |       |       |       |    50 ||    50
  Dodge: Dodged            |    47 |    71 |   113 |   151 ||   382

Table legend: (Time is in decaauts)
 A = Elapsed time spent in this place.
 B = Non-inter-level travel time spent in this place.
 C = Inter-level travel time spent in this place.
 D = Time resting spent in this place.
 E = Time spent auto-exploring this place.
 F = Levels seen in this place.
 G = Mean time per level.
                   A        B        C        D        E       F      G
               +--------+--------+--------+--------+--------+-----+--------+
         Total |  15275 |  14678 |    597 |   4727 |   7285 |  13 | 1175.0 |
       Dungeon |  15159 |  14574 |    585 |   4691 |   7273 |  11 | 1378.1 |
        Temple |     38 |     27 |     11 |      0 |      5 |   1 |   38.0 |
      Ice Cave |     77 |     77 |      0 |     36 |      6 |   1 |   77.0 |
               +--------+--------+--------+--------+--------+-----+--------+

Top non-repeatable levels by time:
    D:10: 1875 daAuts
     D:5: 1764 daAuts
     D:6: 1659 daAuts
     D:3: 1608 daAuts
     D:4: 1501 daAuts
     D:9: 1498 daAuts
     D:7: 1339 daAuts
     D:8: 1321 daAuts
     D:1: 1139 daAuts
     D:2: 1093 daAuts
    D:11: 361 daAuts
   IceCv: 77 daAuts
  Temple: 38 daAuts
